 Dungeon Crawl Stone Soup version 0.29-a0-350-g7790a0e70a (webtiles) character file.

Game seed: 1756374060276701483

2394 zishaf the Covert (level 9, -1/49 HPs)
             Began as a Vine Stalker Brigand on Apr 22, 2022.
             Was a Follower of Uskayaw.
             Succumbed to a kobold brigand's curare-tipped dart
             ... on level 5 of the Dungeon.
             The game lasted 00:10:08 (6040 turns).

zishaf the Covert (Vine Stalker Brigand)            Turns: 6040, Time: 00:10:09

Health: -1/49      AC: 11    Str: 20    XL:     9   Next: 46%
Magic:  5/12       EV: 11    Int: 11    God:    Uskayaw [*.....]
Gold:   583        SH:  0    Dex: 20    Spells: 8/8 levels left

rFire   . . .      SeeInvis .   a - +3 dagger
rCold   + . .      Faith    .   (no shield)
rNeg    + . .      Spirit   +   r - +2 leather armour {rC+}
rPois   .          Reflect  .   m - +3 hat "Wolokk" {rN+}
rElec   .          Harm     .   c - +0 cloak
rCorr   +          Rampage  .   (no gloves)
Will    +....                   k - +1 pair of boots
Stlth   ++++......              t - amulet of regeneration
HPRegen 1.76/turn               h - +6 ring of strength
MPRegen 0.13/turn               y - ring of resist corrosion

@: lethally poisoned (-1 -> -10), slowed, very slow
A: fangs 3, regeneration 1, magic shield, antimagic bite, no potion heal 2
a: Renounce Religion, Stomp


You were on level 5 of the Dungeon.
You worshipped Uskayaw.
Uskayaw was noncommittal.
You visited 2 branches of the dungeon, and saw 7 of its levels.

You collected 583 gold pieces.

Inventory:

Hand Weapons
 a - a +3 dagger (weapon)
 b - a +0 hunting sling
 E - a +1 short sword of holy wrath
Missiles
 d - 21 poisoned darts (quivered)
 e - 3 curare-tipped darts
Armour
 c - a +0 cloak (worn)
 k - a +1 pair of boots (worn)
 l - a +0 ring mail
 m - the +3 hat "Wolokk" (worn) {rN+}
   (You acquired it on level 6 of the Dungeon)

   rN:        It protects you from negative energy.
 n - a +0 robe
 r - a +2 leather armour of cold resistance (worn)
Jewellery
 h - a +6 ring of strength (left hand)
 t - an amulet of regeneration (around neck)
 y - a ring of resist corrosion (right hand)
Scrolls
 f - a scroll of enchant weapon
 g - a scroll of fog
 o - 2 scrolls of vulnerability
 v - a scroll of enchant armour
 w - a scroll of amnesia
 x - a scroll of magic mapping
Potions
 i - 2 potions of haste
 j - a potion of mutation
 p - a potion of invisibility
 q - 4 potions of curing
 s - a potion of might
 u - 2 potions of attraction
 z - a potion of berserk rage
 A - a potion of flight {unknown}
 B - a potion of brilliance {unknown}
 C - a potion of resistance {unknown}
 D - a potion of ambrosia {unknown}


   Skills:
 + Level 6.4 Fighting
 + Level 6.3 Short Blades
 - Level 3.0 Throwing
 - Level 0.7 Dodging
 - Level 10.0 Stealth
 * Level 3.0 Invocations


You had 8 spell levels left.
You didn't know any spells.
Your spell library contained the following spells:

 Spells                   Type           Power      Damage    Failure   Level
 Corpse Rot               Necr/Air       0%         N/A       54%         2
 Poisonous Vapours        Pois/Air       0%         N/A       54%         2
 Conjure Flame            Conj/Fire      0%         6-21      77%         3
 Iskenderun's Mystic Bla  Conj/Tloc      0%         2d3       99%         4
 Irradiate                Conj/Tmut      0%         3d13      100%        5
 Iskenderun's Battlesphe  Conj           0%         2d6       100%        5
 Iron Shot                Conj/Erth      0%         9d1       100%        6
 Spellforged Servitor     Conj/Summ      0%         N/A       100%        7


Dungeon Overview and Level Annotations

Branches:
Dungeon (6/15)             Temple (1/1) D:5

Altars:
Ashenzari
Cheibriados
Dithmenos
Elyvilon
Fedhas
Gozag
Hepliaklqana
Makhleb
Okawaru
Qazlal
Ru
Sif Muna
Uskayaw
Vehumet
Wu Jian
Xom
Yredelemnul
Zin
The Shining One

Annotations:
D:4 2 transporters, spaghetti's ghost, weakling NaCj


Innate Abilities, Weirdness & Mutations

You have razor-sharp teeth.
Your natural rate of healing is unusually fast.
When hurt, damage is shared between your health and your magic reserves.
Your bite disrupts and absorbs the magic of your enemies.
Potions cannot restore your health.


Message History

The bolt of acid hits you! You resist. The acid corrodes you!
The kobold brigand throws a curare-tipped dart.
The curare-tipped dart barely misses you.
The kobold brigand zaps a wand.
The bolt of acid misses you.
The kobold brigand throws a curare-tipped dart.
The curare-tipped dart closely misses you.
The kobold brigand throws a curare-tipped dart.
The curare-tipped dart closely misses you.
The kobold brigand throws a curare-tipped dart.
The curare-tipped dart hits you.
You are poisoned.
You have difficulty breathing.
You feel yourself slow down.
You feel very sick.
The kobold brigand throws a curare-tipped dart.
The curare-tipped dart hits you.
You are more poisoned.
You have difficulty breathing.
You feel as though you will be slow longer.
The kobold brigand throws a curare-tipped dart.
The curare-tipped dart hits you.
You are more poisoned.
You have difficulty breathing.
You feel as though you will be slow longer.
You feel extremely sick.
You are no longer corroded.
You feel extremely sick.
The kobold brigand throws a curare-tipped dart.
The curare-tipped dart barely misses you.
You feel very sick.
The kobold brigand throws a curare-tipped dart.
The curare-tipped dart hits you.
You are lethally poisoned!
You have difficulty breathing.
* * * LOW HITPOINT WARNING * * *
You feel as though you will be slow longer.
There is a stone staircase leading up here.
* * * LOW HITPOINT WARNING * * *
You feel extremely sick.
You climb upwards.
You die...

.P#...#P..#..#...#
#.##)##...#..#...#
#....P....'..#...#
...#......#####..#
...#......# ##..########
...#......# #.........(#
...#......# #..........#
#..#......# #..........#
#..#......#####.@##...###
#..#......#..##..##...##
'..#......#.......#....#
#..#......#.......#....#
#..#......#.......#....#
#..#......'.......#....#
####......##############
# ########


There were no monsters in sight!

Vanquished Creatures
  A hornet (D:6)
  Sigmund (D:2)
  A steam dragon (D:6)
  A black bear (D:5)
  An ice beast (D:6)
  A sky beast (D:6)
  3 ogres
  A centaur (D:6)
  Blork the orc (D:5)
  A kobold brigand (D:6)
  A gnoll sergeant (D:6)
  4 scorpions
  3 jellies
  11 hounds
  An orc priest (D:6)
  A gnoll shaman (D:6)
  2 iguanas
  2 orc wizards
  9 gnolls
  7 adders
  A shadow imp (D:5)
  2 white imps (D:6)
  2 worms
  2 dart slugs
  12 orcs
  9 ball pythons
  7 bats
  2 endoplasms (D:2)
  5 goblins
  14 hobgoblins
  2 jackals (D:2)
  11 kobolds
  2 quokkas
  7 frilled lizards
  4 rats
135 creatures vanquished.

Vanquished Creatures (others)
  The ghost of spaghetti the Sneak, a weakling NaDe (D:6)
  2 fungi
  8 plants
11 creatures vanquished.

Grand Total: 146 creatures vanquished

Notes
Turn   | Place    | Note
-------+----------+-------------------------------------------
     0 | D:1      | zishaf the Vine Stalker Brigand began the quest for the
                  | Orb.
     0 | D:1      | Reached XP level 1. HP: 11/11 MP: 2/2
   370 | D:1      | Found a faded altar of an unknown god.
   618 | D:1      | Reached skill level 5 in Stealth
   618 | D:1      | Reached XP level 2. HP: 14/15 MP: 3/3
  1231 | D:1      | Reached XP level 3. HP: 18/18 MP: 4/4
  2031 | D:2      | Noticed Sigmund
  2422 | D:2      | Gained mutation: Your natural rate of healing is unusually
                  | fast. [Vine Stalker growth]
  2422 | D:2      | Reached XP level 4. HP: 16/23 MP: 3/5
  2459 | D:2      | Killed Sigmund
  2460 | D:2      | Reached skill level 6 in Stealth
  2460 | D:2      | Reached XP level 5. HP: 28/28 MP: 6/6
  2460 | D:2      | Reached XP level 6. HP: 32/32 MP: 7/7
  3102 | D:4      | Found a shadowy altar of Dithmenos.
  3368 | D:4      | Found a transporter.
  3385 | D:4      | Noticed spaghetti's ghost (weakling NaCj)
  3386 | D:4      | Found a transporter.
  3745 | D:5      | Entered Level 5 of the Dungeon
  3750 | D:5      | Reached XP level 7. HP: 37/37 MP: 8/8
  3810 | D:5      | Found a staircase to the Ecumenical Temple.
  3816 | Temple   | Entered the Ecumenical Temple
  3967 | D:5      | Found a sacrificial altar of Ru.
  3986 | D:5      | Reached skill level 7 in Stealth
  4289 | D:5      | Reached skill level 8 in Stealth
  4289 | D:5      | Gained mutation: You have razor-sharp teeth. [Vine Stalker
                  | growth]
  4289 | D:5      | Reached XP level 8. HP: 40/42 MP: 9/9
  4328 | D:5      | Noticed Blork the orc
  4341 | D:5      | Killed Blork the orc
  4729 | D:6      | Reached skill level 5 in Fighting
  4743 | D:6      | Identified a scroll of acquirement
  4743 | D:6      | Acquired the +3 hat "Wolokk" {rN+}
  4816 | D:6      | Noticed a hornet
  4828 | D:6      | Killed a hornet
  4829 | D:6      | Reached skill level 5 in Short Blades
  4903 | D:6      | Reached skill level 9 in Stealth
  5009 | D:6      | Got the Almanac of Damage Dealing
  5073 | D:6      | Reached XP level 9. HP: 48/48 MP: 10/10
  5107 | D:6      | Found a hide-covered altar of Uskayaw.
  5117 | D:6      | Became a worshipper of Uskayaw the Reveller
  5174 | D:6      | Reached * piety under Uskayaw
  5222 | D:6      | Reached ** piety under Uskayaw
  5256 | D:6      | Reached skill level 1 in Invocations
  5259 | D:6      | Reached *** piety under Uskayaw
  5262 | D:6      | Reached **** piety under Uskayaw
  5268 | D:6      | Reached ***** piety under Uskayaw
  5461 | D:6      | Found a runed translucent gate.
  5462 | D:6      | Found a runed translucent gate.
  5463 | D:6      | Found a runed translucent gate.
  5465 | D:6      | Noticed spaghetti's ghost (weakling NaDe)
  5652 | D:6      | Reached skill level 10 in Stealth
  6022 | D:6      | Killed spaghetti's ghost
  6040 | D:5      | Succumbed to a kobold brigand's curare-tipped dart

Illustrated notes

Levels and vault maps discovered:
D:1:      dpeg_arrival_chambers_temple_mockup, layout_basic,
          shapermc_ecumenical_altar_acropolis, serial_co_window_serial,
          co_window_paths_b, co_window_corner_a, co_window_paths_b,
          co_window_of_opportunity_a, co_window_paths_a, co_window_broadway_b,
          co_window_of_opportunity_c, co_window_corner_b, co_window_2corner,
          glass_columns_c, glass_columns_a, glass_columns_a, glass_columns_b
D:2:      layout_basic, uniq_sigmund
D:3:      layout_rooms, serial_bayou_lake_a
D:4:      layout_loops_cross, mainiacjoe_overflow_surrounded_room,
          gammafunk_ghost_mausoleum
D:5:      layout_gridville, nicolae_ru_awakened_eye,
          minmay_temple_entry_gardened_gates, dreamdust_gnoll_farm,
          uniq_blork_the_orc
D:6:      kennysheep_housing_project, layout_rooms,
          eat_drink_and_be_merry_uskayaw, gammafunk_ghost_nasty_kobolds
Temple:   lightli_temple_of_artemis

Skill      XL: |  1  2  3  4  5  6  7  8  9 |
---------------+----------------------------+-----
Stealth        | 5 6 8 9 10 | 10.0
Fighting       | 2 3 4 6 |  6.4
Short Blades   | 2 3 4 5 6 |  6.3
Throwing       | 2 3 |  3.0
Invocations    | 3 |  3.0
Dodging        | |  0.7

Action                   |  1- 3 |  4- 6 |  7- 9 || total
-------------------------+-------+-------+-------++-------
Melee: Dagger            |    64 |    69 |   269 ||   402
       Bite              |    11 |    21 |    92 ||   124
       Punch             |     3 |       |     2 ||     5
 Fire: Hunting sling     |    14 |    30 |       ||    44
Throw: Dart              |       |     3 |    14 ||    17
  Use: Scroll            |       |       |    21 ||    21
 Stab: Sleeping          |     7 |     5 |    10 ||    22
       Distracted        |     1 |       |       ||     1
       Paralysed         |       |       |     5 ||     5
Armor: Robe              |    13 |       |       ||    13
       Ring mail         |    18 |    28 |    18 ||    64
       Leather armour    |       |       |    89 ||    89
Dodge: Dodged            |    36 |    34 |   173 ||   243

Table legend: (Time is in decaauts)
 A = Elapsed time spent in this place.
 B = Non-inter-level travel time spent in this place.
 C = Inter-level travel time spent in this place.
 D = Time resting spent in this place.
 E = Time spent auto-exploring this place.
 F = Levels seen in this place.
 G = Mean time per level.
                   A        B        C        D        E       F      G
               +--------+--------+--------+--------+--------+-----+--------+
         Total |   5992 |   5811 |    181 |    366 |   4185 |   7 |  856.0 |
       Dungeon |   5867 |   5697 |    170 |    366 |   4094 |   6 |  977.8 |
        Temple |    124 |    113 |     11 |      0 |     91 |   1 |  124.0 |
               +--------+--------+--------+--------+--------+-----+--------+

Top non-repeatable levels by time:
     D:1: 1450 daAuts
     D:6: 1277 daAuts
     D:2: 1147 daAuts
     D:5: 799 daAuts
     D:4: 721 daAuts
     D:3: 471 daAuts
  Temple: 124 daAuts
